 Dungeon Crawl Stone Soup version 0.31.0-10-gcf4a605ca0 (webtiles) character file.

Game seed: 7864000402009760404

95 Ijustatesigmund the Digger (level 4, -1/26 HPs)
             Began as a Gargoyle Earth Elementalist on Jan 25, 2024.
             Killed by divine providence
             ... invoked by an orc priest
              (12 damage)
             ... on level 3 of the Dungeon.
             The game lasted 00:03:36 (2189 turns).

Ijustatesigmund the Digger (GrEE)                   Turns: 2189, Time: 00:03:36

Health: -1/26      AC:  5    Str: 18    XL:     4   Next: 65%
Magic:  4/8        EV: 11    Int: 23    God:
Gold:   82         SH:  0    Dex: 10    Spells: 4/8 levels left

rFire   . . .        e - +0 flail
rCold   . . .        (no shield)
rNeg    + . .        a - +0 robe
rPois   ∞            (no helmet)
rElec   +            (no cloak)
rCorr   .            (no gloves)
SInv    .            (no boots)
Will    .....        (no amulet)
Stlth   ++           k - +6 ring of strength
HPRegen 0.24/turn    l - +6 ring of intelligence
MPRegen 0.11/turn

%: no passive effects
@: about to teleport
A: sickness immunity, AC +3, negative energy resistance 1, electricity
resistance, torment resistance 1, petrification resistance
a: no special abilities


You were on level 3 of the Dungeon.
You visited 1 branch of the dungeon, and saw 3 of its levels.

You collected 82 gold pieces.

Inventory:

Hand Weapons
 e - a +0 flail (weapon)
Armour
 a - a +0 robe (worn)
Jewellery
 k - a +6 ring of strength (left hand)
 l - a +6 ring of intelligence (right hand)
Scrolls
 g - a scroll of blinking {unknown}
 h - a scroll of teleportation
 j - a scroll of amnesia
 o - a scroll of torment {unknown}
Potions
 b - a potion of magic
 c - 3 potions of curing
 d - 3 potions of haste
 f - a potion of resistance {unknown}
 i - 2 potions of mutation {unknown}
 m - a potion of degeneration {unknown}
 n - a potion of brilliance {unknown}
 p - a potion of enlightenment {unknown}


   Skills:
 + Level 2.0 Fighting
 + Level 0.7 Maces & Flails
 - Level 1.5 Dodging
 - Level 2.1 Stealth
 + Level 2.7 Spellcasting
 * Level 2.3 Conjurations
 + Level 4.3 Earth Magic


You had 4 spell levels left.
You knew the following spells:

 Your Spells              Type           Power      Damage    Failure   Level
a - Sandblast             Erth           46%        2d11      1%          1
b - Stone Arrow           Conj/Erth      36%        3d9       9%          3

Your spell library contained the following spells:

 Spells                   Type           Power      Damage    Failure   Level
 Passwall                 Erth           23%        N/A       6%          3
 Brom's Barrelling Bould  Conj/Erth      18%        2d4       30%         4
 Frozen Ramparts          Ice            6%         1d1       34%         3
 Leda's Liquefaction      Alch/Erth      6%         N/A       43%         4
 Petrify                  Alch/Erth      13%        N/A       43%         4
 Metabolic Englaciation   Hex/Ice        1%         N/A       97%         5


Dungeon Overview and Level Annotations

Branches:
Dungeon (3/15)

Altars:
Qazlal


Innate Abilities, Weirdness & Mutations

You are immune to sickness and miasma.
Your stone body is resilient. (AC +3)
You are immune to poison.
You resist negative energy. (rN+)
You are resistant to electric shocks. (rElec)
You are resistant to unholy torment.
You are immune to petrification.


Message History

The blast of sand hits the orc but does no damage.
The orc shouts!
You hear a shout!
An orc priest comes into view. It is wielding a +0 falchion.
The orc suddenly cheers.
You see here a +0 club.
A giant cockroach comes into view.
Found a scroll labelled HATZAT ORIFODE.
You hit the giant cockroach.
You kill the giant cockroach!
The orc hits you but does no damage.
You hit the orc.
The orc is heavily wounded.
The orc hits you but does no damage.
You barely miss the orc.
The orc is heavily wounded.
The orc hits you with a +0 whip. x2
The orc priest invokes the aid of Beogh against you.
Beogh smites you!
You hear a shout!
Casting: Sandblast (safe; 1% risk of failure)
Confirm with . or Enter, or press ? or * to list all spells.
Aiming: Sandblast (safe; 1% risk of failure)
Press: ? - help, Shift-Dir - straight line, f/p - orc
Aim: an orc, wielding a +0 whip and wearing a +0 ring mail (heavily wounded, 85% to hit)
The blast of sand hits the orc.
The orc is severely wounded.
You hear a shout!
The orc barely misses you.
An orc priest comes into view. It is wielding a +0 dagger.
As you read the scroll of teleportation, it crumbles to dust.
You feel strangely unstable. The orc closely misses you.
The orc priest calls upon Beogh to heal the orc.
The orc's wounds heal themselves!
The orc priest invokes the aid of Beogh against you.
Beogh smites you!
* * * LOW HITPOINT WARNING * * *
You feel better. The orc hits you but does no damage.
The orc priest mumbles some strange prayers to Beogh against you.
Beogh smites you!
You die...

##..o#
##..#.#
.?##.#
#.##.#
#.##)##
#.###.o...#
#...o###.#
##.#o# .# #
#@# .# #.#
.. #.# ##
#.# #.. ...
####


You could see an orc priest and 2 orcs.

Vanquished Creatures
  3 adders (D:2)
  A ribbon worm (D:2)
  A dart slug (D:1)
  7 ball pythons
  2 bats (D:2)
  6 endoplasms
  4 giant cockroaches
  5 goblins
  7 hobgoblins
  7 jackals (D:1)
  A quokka (D:1)
  A frilled lizard (D:1)
  4 kobolds
  6 rats
55 creatures vanquished.

Notes
Turn   | Place    | Note
-------+----------+-------------------------------------------
     0 | D:1      | Ijustatesigmund the Gargoyle Earth Elementalist began the
                  | quest for the Orb.
     0 | D:1      | Reached XP level 1. HP: 10/10 MP: 3/3
   135 | D:1      | Reached XP level 2. HP: 10/16 MP: 0/5
   137 | D:1      | Reached skill level 1 in Fighting
   460 | D:1      | Reached skill level 4 in Earth Magic
   762 | D:1      | Reached XP level 3. HP: 17/20 MP: 3/6
   766 | D:1      | Learned a level 3 spell: Stone Arrow
  1296 | D:2      | Found a stormy altar of Qazlal.
  1636 | D:2      | Reached XP level 4. HP: 26/26 MP: 5/7
  2161 | D:3      | Found a faded altar of an unknown god.
  2189 | D:3      | Killed from afar by an orc priest

Illustrated notes

Levels and vault maps discovered:
D:1:      dpeg_arrival_oval, layout_basic, serial_corexii_hall,
          chequers_hall_statues_wall_a, chequers_hall_statues_corner_a,
          chequers_hall_statues_wall_a, chequers_hall_statues_y,
          chequers_hall_statues_corner_a, corexii_hall_statues_x
D:2:      layout_basic, basic_altar
D:3:      layout_loops_ring, mainiacjoe_overflow_surrounded_room,
          shapermc_ecumenical_altar_starsandcircs

Skill      XL: |  1  2  3  4 |
---------------+-------------+-----
Fighting       | 1 2 |  2.0
Earth Magic    | 4 |  4.3
Conjurations   | 2 |  2.3
Maces & Flails | |  0.7
Dodging        | |  1.5
Stealth        | |  2.1
Spellcasting   | |  2.7

Action                     |  1- 3 |  4- 6 || total
---------------------------+-------+-------++-------
  Melee: Mace              |    15 |       ||    15
         Flail             |       |     3 ||     3
   Cast: Sandblast         |    42 |    24 ||    66
    Use: Scroll            |     2 |     3 ||     5
         Potion            |       |     1 ||     1
 Armour: Robe              |    23 |     5 ||    28
  Dodge: Dodged            |    20 |     4 ||    24
